AoeStats
← Clueless Clown

Black Forest

509412298Analyzed
4v4 RM · 5d ago on Sep 26, 2026· 59m 36s· 8 players
Game mode
Random Map
Map size
Large (8 player)
Population
200
Speed
Normal
Resources
Standard
Victory
Conquest
Starting age
Dark Age
Ending age
Imperial Age
RankedLock teamsTeams togetherTeam positionsShared explorationLock speedFull tech treeHidden civsTurbo modeCheats
Victory
Defeat
🇨🇴 Celts · Colombia
1066
+14
🇧🇷 Bengalis · Brazil
1051
+15
🇬🇧 Khmer · United Kingdom
1040
+15
🇨🇿 Jurchens · Czechia
967
+19
🇺🇸 Saxons · United States
1029
-16
🇹🇼 Danes · Taiwan
1026
-16
🇨🇿 Maya · Czechia
1022
-16
🇹🇼 Persians · Taiwan
1021
-15
Mydloos
0:35 Loom
12:58 Feudal Age
13:29 Double-Bit Axe
21:40 Castle Age
20:18 Horse Collar
20:34 Stone Mining
26:44 Heavy Plow
27:57 Crossbowman
30:02 Murder Holes
36:48 Imperial Age
35:40 Thumb Ring
36:29 Ballistics
37:13 Eagle Warrior
37:47 Gold Mining
37:40 Arbalester
39:19 Elite Eagle Warrior
39:46 Arson
40:02 Squires
41:59 Wheelbarrow
43:08 Forging
42:58 Scale Mail Armor
44:56 Iron Casting
44:34 Fletching
44:44 Padded Archer Armor
44:11 Pikeman
46:21 Stone Shaft Mining
46:15 Hand Cart
46:15 Halberdier
47:37 Bow Saw
50:31 Chain Mail Armor
51:16 Blast Furnace
Clueless Clown
10:39 Feudal Age
14:29 Castle Age
12:39 Double-Bit Axe
13:08 Horse Collar
13:43 Gold Mining
15:34 Bow Saw
15:20 Loom
21:18 Wheelbarrow
22:46 Hand Cart
23:08 Heavy Plow
23:24 Stone Mining
24:13 Gold Shaft Mining
28:50 Imperial Age
26:40 Scale Mail Armor
26:50 Forging
26:40 Treadmill Crane
28:04 Chain Mail Armor
28:46 Ballistics
28:22 Murder Holes
29:06 Iron Casting
28:22 Fletching
29:12 Masonry
30:38 Two-Man Saw
30:09 Crop Rotation
30:28 Plate Mail Armor
29:53 Gambesons
30:08 Squires
29:53 Arson
31:50 Conscription
31:50 Bodkin Arrow
33:01 Chemistry
31:44 Shield Wall
33:01 Bracer
32:28 Elite Varangian Guard
33:10 Elite Hearth Troop
37:13 Siege Engineers
38:43 Atonement
38:59 Block Printing
38:55 Redemption
39:06 Sanctity
39:13 Illumination
38:57 Devotion
39:21 Caravan
39:31 Guilds
42:32 Fortified Wall
44:18 Masonry
44:13 Town Watch
45:12 Clerical Recruitment
48:50 Architecture
51:14 Town Patrol
57:25 Arrowslits
57:31 Guard Tower
auuuustyn
11:04 Feudal Age
14:55 Castle Age
13:17 Double-Bit Axe
13:44 Horse Collar
16:19 Wheelbarrow
21:30 Gold Mining
24:34 Hand Cart
28:12 Imperial Age
25:57 Scale Mail Armor
26:40 Bow Saw
26:37 Town Watch
26:38 Loom
27:57 Pikeman
28:49 Forging
28:55 Chain Mail Armor
29:11 Stone Mining
29:23 Heavy Plow
29:59 Gold Shaft Mining
29:17 Halberdier
30:35 Iron Casting
31:27 Plate Mail Armor
31:51 Stone Shaft Mining
31:39 Onager
32:23 Squires
32:10 Arson
33:27 Blast Furnace
32:55 Elite Varangian Guard
33:21 Gambesons
34:55 Conscription
36:17 Chemistry
35:37 Ballistics
35:36 Siege Engineers
35:22 Siege Onager
39:45 Town Patrol
47:54 Man-at-Arms
49:37 Long Swordsman
50:22 Two-Handed Swordsman
極易電腦
0:44 Loom
11:13 Feudal Age
16:59 Castle Age
14:58 Double-Bit Axe
16:30 Horse Collar
23:21 Bow Saw
23:40 Heavy Plow
25:45 Wheelbarrow
26:46 Hand Cart
27:29 Caravan
28:10 Gold Mining
28:12 Stone Mining
32:49 Imperial Age
31:15 Forging
31:57 Scale Barding Armor
31:58 Kamandaran
33:03 Chain Barding Armor
33:33 Iron Casting
33:28 Conscription
33:44 Hoardings
33:55 Gold Shaft Mining
33:56 Stone Shaft Mining
34:44 Two-Man Saw
34:40 Husbandry
34:51 Bloodlines
35:48 Chemistry
35:09 Ballistics
36:08 Plate Barding Armor
36:35 Blast Furnace
36:53 Crop Rotation
35:55 Cavalier
36:41 Fletching
36:53 Padded Archer Armor
37:18 Murder Holes
37:34 Masonry
38:24 Guilds
38:44 Coinage
37:49 Savar
37:56 Crossbowman
38:41 Thumb Ring
38:51 Citadels
39:54 Architecture
39:15 Guard Tower
39:31 Siphons
39:37 Clinker Construction
39:38 Careening
39:30 Bodkin Arrow
39:38 Scale Mail Armor
41:18 Chain Mail Armor
41:20 Leather Archer Armor
40:54 Elite War Elephant
42:15 Banking
41:44 Town Watch
43:30 Plate Mail Armor
43:32 Ring Archer Armor
43:47 Heated Shot
44:07 Incendiaries
44:18 Carvel Hull
44:21 Dry Dock
46:36 Onager
51:01 Elite Skirmisher
52:06 Parthian Tactics
55:59 Light Cavalry
56:50 Hussar
Grubik
4:29 Loom
11:39 Feudal Age
17:50 Castle Age
18:20 Double-Bit Axe
25:03 Stone Mining
25:27 Bow Saw
26:31 Caravan
27:38 Husbandry
27:27 Horse Collar
27:32 Treadmill Crane
28:08 Forging
28:33 Heavy Plow
30:14 Bloodlines
31:24 Wheelbarrow
34:24 Imperial Age
32:11 Gold Mining
33:00 Stone Shaft Mining
34:43 Iron Casting
34:14 Scale Barding Armor
35:33 Gold Shaft Mining
35:01 Arson
35:16 Squires
34:36 Pikeman
35:52 Crop Rotation
36:01 Conscription
37:15 Two-Man Saw
35:56 Heavy Rocket Cart
36:25 Elite Iron Pagoda
38:21 Siege Engineers
39:03 Hand Cart
38:33 Town Watch
40:12 Fortified Bastions
44:41 Blast Furnace
44:01 Chain Barding Armor
43:42 Padded Archer Armor
44:50 Chemistry
49:28 Thunderclap Bombs
Mayunia
6:26 Loom
11:35 Feudal Age
15:38 Castle Age
13:54 Double-Bit Axe
15:03 Gold Mining
14:57 Horse Collar
20:34 Heavy Plow
21:19 Stone Mining
29:08 Wheelbarrow
33:41 Imperial Age
33:41 Gold Shaft Mining
36:18 Chemistry
36:02 Siege Engineers
36:54 Heavy Scorpion
39:14 Capped Ram
41:05 Siege Ram
44:44 Scale Mail Armor
44:54 Forging
46:26 Chain Mail Armor
51:27 Furor Celtica
53:08 Plate Mail Armor
53:14 Iron Casting
54:03 Bow Saw
54:19 Pikeman
54:44 Gambesons
55:22 Conscription
55:43 Ballistics
56:02 Halberdier
56:27 Arson
60:54 Blast Furnace
59:46 Fletching
59:56 Padded Archer Armor
Botgamer928
8:56 Loom
11:34 Feudal Age
16:32 Castle Age
15:18 Horse Collar
26:31 Double-Bit Axe
28:21 Ballistics
31:36 Imperial Age
30:04 Wheelbarrow
29:50 Gold Mining
30:14 Caravan
30:45 Bloodlines
30:35 Husbandry
31:28 Scale Barding Armor
32:20 Double Crossbow
33:08 Gold Shaft Mining
32:55 Elite Ballista Elephant
34:32 Conscription
34:15 Stone Mining
34:58 Siege Engineers
35:18 Chain Barding Armor
36:11 Tusk Swords
37:08 Plate Barding Armor
36:43 Forging
37:19 Elite Battle Elephant
37:23 Capped Ram
38:39 Bow Saw
38:32 Heavy Plow
38:50 Hand Cart
39:43 Chemistry
38:53 Masonry
41:50 Iron Casting
42:53 Town Watch
45:29 Hoardings
46:00 Blast Furnace
44:52 Fletching
45:02 Murder Holes
45:18 Fortified Wall
45:20 Masonry
44:55 Siege Ram
44:57 Heavy Scorpion
49:48 Bodkin Arrow
56:23 Devotion
pedrocastanhal22
0:57 Loom
13:50 Feudal Age
20:43 Castle Age
18:57 Horse Collar
19:06 Double-Bit Axe
20:49 Wheelbarrow
20:03 Town Watch
21:06 Gold Mining
23:16 Heavy Plow
23:35 Bow Saw
23:40 Scale Mail Armor
29:40 Fletching
30:02 Forging
29:49 Pikeman
31:03 Chain Mail Armor
34:48 Imperial Age
33:20 Bodkin Arrow
33:26 Padded Archer Armor
34:03 Iron Casting
33:35 Caravan
33:56 Fortified Wall
34:48 Hand Cart
35:02 Leather Archer Armor
36:07 Masonry
35:54 Murder Holes
36:20 Onager
38:24 Blast Furnace
37:55 Ring Archer Armor
37:34 Scale Barding Armor
38:29 Bracer
39:42 Elite Elephant Archer
42:39 Chain Barding Armor
42:56 Halberdier
48:43 Siege Elephant
57:35 Plate Barding Armor
Connection lost

Rejoining the realm…

Still unreachable

The connection could not be restored.

Session expired

The server has moved on; the page needs a fresh start.